[Event "Titled Tuesday Blitz February 14 Early 2023"]
[White "Abdilkhair, Abilmansur"]
[Black "Zaichenko, Daria"]
[WhiteFideId "13716417"]
[BlackFideId "4197453"]
[WhiteElo "2268"]
[BlackElo "2104"]
[Result "1-0"]
[Round "10"]
[TimeControl "180+2"]
[Date "2023.02.14"]
[WhiteClock "0:01:42"]
[BlackClock "0:01:55"]

1. d4 d5 2. c4 e6 3. Nc3 Be7 4. Nf3 Nf6 5. Bg5 O-O 6. e3 Nbd7 7. Rc1 c5 8. cxd5 Nxd5 9. Bxe7 Nxe7 10. Bd3 cxd4 11. exd4 Nb6 12. Bxh7+ Kxh7 13. Ng5+ Kg6 14. Qg4 f5 15. Qg3 Qxd4 16. Nf3+ Qg4 17. Ne5+ Kg5 18. Nxg4 fxg4 19. Ne4+ Kh6 20. Qh4+ Kg6 21. Qxe7 1-0


[Site "https://www.chess.com"]

[Event "Titled Tuesday Blitz February 14 Early 2023"]
[White "Bon, Michael"]
[Black "Orujov, Elshad"]
[WhiteFideId "620696"]
[BlackFideId "13403540"]
[WhiteElo "2394"]
[BlackElo "2304"]
[Result "1-0"]
[Round "10"]
[TimeControl "180+2"]
[Date "2023.02.14"]
[WhiteClock "0:00:17"]
[BlackClock "0:00:05"]

1. e4 e5 2. Nc3 Nf6 3. Bc4 Bc5 4. d3 O-O 5. f4 d6 6. f5 c6 7. Qf3 b5 8. Bb3 a5 9. a4 b4 10. Nce2 d5 11. g4 dxe4 12. dxe4 Ba6 13. g5 Nfd7 14. Ng3 Kh8 15. N1e2 Be7 16. h4 c5 17. Bd5 Ra7 18. b3 Nb6 19. Bxf7 Rxf7 20. Qh5 g6 21. fxg6 Rg7 22. gxh7 Rxh7 23. Qg4 Nc6 24. Be3 Nd4 25. O-O-O Qc8 26. Qxc8+ Nxc8 27. Bxd4 cxd4 28. g6 Rxh4 29. Rxh4+ Bxh4 30. Rh1 Kg7 31. Rxh4 Kxg6 32. Rg4+ Kf7 33. Ng1 Ne7 34. Nf3 Ng6 35. Nf5 Rc7 36. Kd2 Rc3 37. Ng5+ Ke8 38. Ne6 Nf4 39. Nxf4 exf4 40. Nxd4 f3 41. Rf4 Bb7 42. Nxf3 Rc5 43. Nd4 Re5 44. Kd3 Rc5 45. Nf5 Rc3+ 46. Kd2 Rc5 47. Ne3 Re5 48. Nc4 Rxe4 49. Rxe4+ Bxe4 50. Nd6+ Kd7 51. Nxe4 Ke6 52. Kd3 Kd5 53. Nd2 Kc6 54. Nc4 Kd5 55. Nxa5 1-0


[Site "https://www.chess.com"]

[Event "Titled Tuesday Blitz February 14 Early 2023"]
[White "Willathgamuwa, Kevin"]
[Black "Sarkar, Justin"]
[WhiteFideId "3214168"]
[BlackFideId "2010011"]
[WhiteElo "2062"]
[BlackElo "2309"]
[Result "1-0"]
[Round "10"]
[TimeControl "180+2"]
[Date "2023.02.14"]
[WhiteClock "0:00:05"]
[BlackClock "0:00:01"]

1. e4 e5 2. Nf3 Nc6 3. d4 exd4 4. Bc4 Nf6 5. e5 Ng4 6. O-O d6 7. exd6 Bxd6 8. Re1+ Kf8 9. h3 Nge5 10. Nxe5 Nxe5 11. Bb3 c5 12. Bf4 Nc6 13. Qh5 Be6 14. Rxe6 fxe6 15. Bxe6 g6 16. Qh6+ Ke7 17. Bg5+ Kxe6 18. Bxd8 Raxd8 19. Nd2 Kd7 20. Ne4 Be7 21. Re1 Rdf8 22. Qg7 Kd8 23. f3 b6 24. c3 Rfg8 25. Qf7 Rf8 26. Qd5+ Kc7 27. cxd4 Rf5 28. Qe6 cxd4 29. Rc1 Bc5 30. b4 Nxb4 31. Nxc5 bxc5 32. a3 Nc6 33. g4 Re5 34. Qf7+ Re7 35. Qd5 Re5 36. Qf7+ Re7 37. Qf4+ Kb7 38. Qd6 Rd8 39. Rb1+ Ka8 40. Qxc6+ Rb7 41. Qxb7# 1-0


[Site "https://www.chess.com"]

[Event "Titled Tuesday Blitz February 14 Early 2023"]
[White "SicilianPanzer"]
[Black "Colbow, Collin"]
[BlackFideId "16201132"]
[WhiteElo "2240"]
[BlackElo "2408"]
[Result "0-1"]
[Round "10"]
[TimeControl "180+2"]
[Date "2023.02.14"]
[WhiteClock "0:01:46"]
[BlackClock "0:02:03"]

1. e4 e5 2. Nf3 Nc6 3. d4 exd4 4. Nxd4 Nf6 5. Nxc6 bxc6 6. Bd3 d5 7. e5 Ng4 8. O-O Be6 9. h3 Nxe5 10. Re1 Nxd3 11. Qxd3 Bd6 12. Be3 O-O 13. Nd2 c5 14. c3 Qf6 15. Nf3 h6 16. Qa6 Bxh3 0-1


[Site "https://www.chess.com"]

[Event "Titled Tuesday Blitz February 14 Early 2023"]
[White "Prieto Aranguren, Alain"]
[Black "Zampronha, Wladimir Camilo"]
[WhiteFideId "2268906"]
[BlackFideId "2103087"]
[WhiteElo "2258"]
[BlackElo "2176"]
[Result "1-0"]
[Round "10"]
[TimeControl "180+2"]
[Date "2023.02.14"]
[WhiteClock "0:00:57"]
[BlackClock "0:01:02"]

1. e4 c5 2. Bc4 e6 3. Qf3 Nc6 4. d3 Nd4 5. Qd1 d5 6. exd5 exd5 7. Bb3 Nf6 8. Nf3 Bg4 9. Ba4+ b5 10. Nxd4 bxa4 11. Nf3 Qe7+ 12. Qe2 Bxf3 13. gxf3 Qxe2+ 14. Kxe2 Bd6 15. Nc3 O-O 16. Nxa4 d4 17. b3 Nd5 18. Bd2 Rfe8+ 19. Kf1 Re6 20. Nb2 Rf6 21. Nc4 Bc7 22. Re1 Rxf3 23. Rg1 Bxh2 24. Rg5 Nf6 25. Kg2 Bf4 26. Kxf3 Bxg5 27. Bxg5 Nd5 28. Re5 Nb4 29. Rxc5 Nxc2 30. Nd6 Nb4 31. Ke4 Nxa2 32. Kxd4 f6 33. Be3 Rd8 34. Rc8 Rxc8 35. Nxc8 a6 36. Kc5 h5 37. d4 h4 38. d5 Kf7 39. Bf4 g5 40. Bh2 Nc3 41. d6 Ne4+ 42. Kc6 Nxd6 43. Nxd6+ Ke6 44. Kb6 f5 45. Kxa6 f4 46. Ne4 Kf5 47. Nxg5 Kxg5 48. b4 Kg4 49. b5 1-0


[Site "https://www.chess.com"]

[Event "Titled Tuesday Blitz February 14 Early 2023"]
[White "Jarocka, Liwia"]
[Black "De Souza, Cristiano Gomes"]
[WhiteFideId "21807558"]
[BlackFideId "2151758"]
[WhiteElo "2225"]
[BlackElo "2018"]
[Result "1/2-1/2"]
[Round "10"]
[TimeControl "180+2"]
[Date "2023.02.14"]
[WhiteClock "0:00:19"]
[BlackClock "0:00:10"]

1. e4 c5 2. Nf3 d6 3. d4 cxd4 4. Nxd4 Nf6 5. Nc3 g6 6. Be3 Bg7 7. f3 O-O 8. Bc4 Nc6 9. Qd2 Bd7 10. Bb3 Rc8 11. O-O-O Ne5 12. Kb1 Nc4 13. Bxc4 Rxc4 14. g4 a6 15. g5 Nh5 16. f4 Nxf4 17. Bxf4 Rxd4 18. Qe3 Rc4 19. Nd5 Bc6 20. h4 e6 21. Bxd6 exd5 22. Bxf8 Qxf8 23. exd5 Bd7 24. d6 Rb4 25. c3 Bf5+ 26. Ka1 Re4 27. Qf3 Qd8 28. Rd2 b5 29. Rhd1 Qd7 30. Re2 Rxe2 31. Qxe2 Bf8 32. Qe5 Be6 33. Qf6 b4 34. cxb4 Qa4 35. b3 Bxb3 36. Rd2 Be6 37. Qxe6 fxe6 38. d7 Bg7+ 39. Kb1 Qxb4+ 40. Kc1 Qc3+ 41. Kd1 Qf3+ 42. Kc2 Qc6+ 43. Kd1 Qa4+ 44. Ke1 Qe4+ 45. Kd1 Qa4+ 46. Ke1 Qxh4+ 47. Kd1 Qg4+ 48. Ke1 Qg3+ 49. Kd1 Qf3+ 50. Ke1 Qe3+ 51. Kd1 Qg1+ 52. Kc2 Qc5+ 53. Kd1 Qg1+ 54. Kc2 Qc5+ 55. Kd1 Qg1+ 1/2-1/2


[Site "https://www.chess.com"]

[Event "Titled Tuesday Blitz February 14 Early 2023"]
[White "Davalos Prieto, Abel Justo"]
[Black "Pourkashiyan, Atousa"]
[WhiteFideId "5102766"]
[BlackFideId "12502014"]
[WhiteElo "2029"]
[BlackElo "2282"]
[Result "0-1"]
[Round "10"]
[TimeControl "180+2"]
[Date "2023.02.14"]
[WhiteClock "0:00:03"]
[BlackClock "0:00:08"]

1. c4 Nf6 2. Nc3 e6 3. e4 d5 4. e5 d4 5. exf6 dxc3 6. bxc3 Qxf6 7. d4 b6 8. Nf3 Bb7 9. Be2 h6 10. a4 Bd6 11. a5 O-O 12. O-O Nc6 13. axb6 axb6 14. Be3 Ne7 15. Qb3 Nf5 16. c5 Rxa1 17. Rxa1 Bxf3 18. Bxf3 bxc5 19. dxc5 Be5 20. Ra7 Nxe3 21. fxe3 Qh4 22. g3 Bxg3 23. hxg3 Qxg3+ 24. Bg2 Qxe3+ 25. Kh2 Qxc5 26. Ra4 Rd8 27. Qc4 Qe5+ 28. Qf4 Qxc3 29. Rc4 Qd2 30. Qxd2 Rxd2 31. Rxc7 g5 32. Kg3 Kg7 33. Bf3 Kg6 34. Bc6 f5 35. Be8+ Kf6 36. Rf7+ Ke5 37. Rh7 f4+ 38. Kg4 Rh2 39. Re7 Kf6 40. Rf7+ Ke5 41. Re7 Rh4+ 42. Kf3 Rh3+ 43. Kg2 Re3 44. Rh7 Re2+ 45. Kf3 Rh2 46. Ra7 h5 47. Ra5+ Kf6 48. Bd7 Rh3+ 49. Ke4 Re3+ 50. Kd4 g4 51. Rxh5 g3 52. Rh6+ Ke7 53. Bc6 Kd6 54. Bb7 Re2 55. Rg6 Rb2 56. Bf3 Rb3 57. Be4 Rb4+ 58. Kd3 Ke5 59. Ba8 Rb3+ 60. Ke2 Re3+ 61. Kf1 Kd4 62. Rf6 e5 63. Rd6+ Kc3 64. Bc6 Kb4 65. Kg2 Kc5 66. Re6 Kd4 67. Ba8 e4 68. Rd6+ Ke5 69. Rd5+ Ke6 70. Ra5 Re2+ 71. Kh3 Rh2+ 72. Kg4 g2 73. Ra6+ Ke7 74. Ra7+ Kd6 75. Ra6+ Kc5 76. Rc6+ Kb5 77. Rc1 Rh1 0-1


[Site "https://www.chess.com"]

[Event "Titled Tuesday Blitz February 14 Early 2023"]
[White "Pein, Jonathan"]
[Black "Vifleemskaia, Svetlana"]
[WhiteFideId "417092"]
[BlackFideId "4129490"]
[WhiteElo "2265"]
[BlackElo "1971"]
[Result "1-0"]
[Round "10"]
[TimeControl "180+2"]
[Date "2023.02.14"]
[WhiteClock "0:01:10"]
[BlackClock "0:00:01"]

1. e4 e5 2. Nf3 Nc6 3. Bb5 a6 4. Ba4 Nf6 5. O-O b5 6. Bb3 Be7 7. c3 d6 8. h3 O-O 9. d4 Nd7 10. a4 b4 11. d5 Na5 12. cxb4 Nxb3 13. Qxb3 f5 14. Nc3 Nf6 15. exf5 Bxf5 16. Nxe5 dxe5 17. d6+ Kh8 18. dxe7 Qxe7 19. Be3 Be6 20. Qc2 Qxb4 21. Ne2 Qb3 22. Qxc7 Qxb2 23. Ng3 Qb8 24. Qxb8 Raxb8 25. Rfe1 e4 26. Rad1 Rfc8 27. Bg5 Rc4 28. Bxf6 gxf6 29. Nxe4 Rb6 30. Nxf6 Rxa4 31. Nh5 h6 32. Rd8+ Kh7 33. Re8 Bf7 34. R8e7 Kg6 35. Ng3 Rf6 36. Ne4 Rf5 37. g4 Rf4 38. Ng3 Ra2 39. R1e2 Bc4 40. Rxa2 Bxa2 41. Ne2 1-0


[Site "https://www.chess.com"]

[Event "Titled Tuesday Blitz February 14 Early 2023"]
[White "Pasti, Aron"]
[Black "Wilson, Elvin"]
[WhiteFideId "785857"]
[BlackFideId "2014874"]
[WhiteElo "2361"]
[BlackElo "2183"]
[Result "1-0"]
[Round "10"]
[TimeControl "180+2"]
[Date "2023.02.14"]
[WhiteClock "0:01:48"]
[BlackClock "0:00:03"]

1. e4 e6 2. d4 d5 3. Nc3 Bb4 4. e5 c5 5. Bd2 Ne7 6. a3 Bxc3 7. Bxc3 b6 8. Bb5+ Nec6 9. f4 O-O 10. Bd3 Ba6 11. Bxa6 Nxa6 12. Nf3 b5 13. O-O Qb6 14. Kh1 cxd4 15. Nxd4 Nc5 16. f5 exf5 17. Nxf5 Ne6 18. Qxd5 Rad8 19. Nd6 a5 20. Rxf7 Rxf7 21. Qxe6 Rf8 22. Nxf7 Rxf7 23. Rf1 Qc7 24. Qe8+ 1-0


[Site "https://www.chess.com"]

[Event "Titled Tuesday Blitz February 14 Early 2023"]
[White "Prudnykova, Olga"]
[Black "Sekar, B"]
[WhiteFideId "14121093"]
[BlackFideId "5043743"]
[WhiteElo "2268"]
[BlackElo "2333"]
[Result "0-1"]
[Round "10"]
[TimeControl "180+2"]
[Date "2023.02.14"]
[WhiteClock "0:00:01"]
[BlackClock "0:00:04"]

1. e4 e5 2. d4 exd4 3. Qxd4 Nc6 4. Qc4 Nf6 5. Nc3 Bb4 6. Bg5 h6 7. Bh4 O-O 8. Ne2 d6 9. O-O-O Be6 10. Nd5 g5 11. Bg3 Ba5 12. h4 g4 13. Nef4 Ne5 14. Qa4 Bb6 15. h5 Nxd5 16. exd5 Bd7 17. Qb3 Qg5 18. Kb1 a5 19. a4 Bc5 20. Nd3 Nxd3 21. Bxd3 b5 22. axb5 a4 23. Qc4 a3 24. b4 Qg7 25. c3 Bxb5 26. Qa2 Qxc3 27. Bxb5 Qxb4+ 28. Kc1 Qxb5 29. Rhe1 Ra4 30. Rd2 Bb4 31. Rde2 Bxe1 32. Rxe1 Rc4+ 33. Kd1 Qb2 34. Re2 Qxa2 35. Rxa2 Ra8 36. Kd2 Rd4+ 37. Kc3 Rxd5 38. Bf4 Rc5+ 39. Kb3 Rb5+ 40. Kc3 Rb2 41. Rxb2 axb2 42. Kxb2 Kh7 43. Be3 c5 44. Kc3 Ra4 45. Kd3 f5 46. g3 Re4 47. Kc3 Kg7 48. Kd3 Ra4 49. Kc3 d5 50. Bf4 d4+ 51. Kd3 Ra3+ 52. Kc4 Rc3+ 53. Kd5 Kf7 54. Be5 Rc2 55. Bf4 d3 0-1


[Site "https://www.chess.com"]

[Event "Titled Tuesday Blitz February 14 Early 2023"]
[White "Aarav Dengla"]
[Black "Vaglio Munoz, Jaime"]
[WhiteFideId "45059756"]
[BlackFideId "6500145"]
[WhiteElo "2343"]
[BlackElo "2174"]
[Result "1-0"]
[Round "10"]
[TimeControl "180+2"]
[Date "2023.02.14"]
[WhiteClock "0:00:12"]
[BlackClock "0:00:21"]

1. e4 e6 2. d4 d5 3. exd5 exd5 4. Nf3 Bg4 5. h3 Bh5 6. Be3 Bd6 7. Nbd2 c6 8. c3 Ne7 9. Bd3 Bg6 10. Qc2 Nd7 11. O-O-O b5 12. Bxg6 hxg6 13. Rhe1 Kf8 14. Bg5 f6 15. Bh4 Kf7 16. Bg3 Nf8 17. Nb3 a5 18. Nc5 Bxc5 19. dxc5 Nf5 20. Bh2 Ne6 21. g4 Nh4 22. Nxh4 Rxh4 23. Rxe6 Kxe6 24. Qxg6 Kd7 25. Qf5+ Ke8 26. Re1+ Kf8 27. Bd6+ Kg8 28. Re7 Rxh3 29. Qg6 Rh7 30. g5 fxg5 31. Qf7+ Kh8 32. Qg6 Qg8 33. Be5 Rf8 34. Qxg5 Rf7 35. Re6 Rh1+ 36. Kd2 Rxf2+ 37. Ke3 Rf7 38. Rh6+ Rxh6 39. Qxh6+ Qh7 40. Qe6 Qh6+ 41. Qxh6+ Kg8 42. Qxc6 Rf5 43. Qe6+ Rf7 44. Qxd5 g6 45. c6 Kf8 46. Qxf7+ Kxf7 47. c7 Ke6 48. c8=Q+ Kxe5 49. Qb8+ Kf6 50. Qxb5 g5 51. Qxa5 g4 52. Kf4 g3 53. Qb6+ Ke7 54. Kxg3 Kd7 55. Kf4 1-0


[Site "https://www.chess.com"]

[Event "Titled Tuesday Blitz February 14 Early 2023"]
[White "Piriflillo"]
[Black "Mazurkiewicz, Michal"]
[BlackFideId "1124943"]
[WhiteElo "2337"]
[BlackElo "2145"]
[Result "0-1"]
[Round "10"]
[TimeControl "180+2"]
[Date "2023.02.14"]
[WhiteClock "0:00:02"]
[BlackClock "0:00:10"]

1. e4 d6 2. d4 Nf6 3. Nc3 c6 4. f4 Qb6 5. Nf3 Bg4 6. Bc4 e6 7. O-O d5 8. exd5 cxd5 9. Bb3 Nc6 10. Be3 Bd6 11. Qd3 Bf5 12. Qd2 Bb4 13. Ne5 Ne4 14. Qe1 Nxe5 15. dxe5 Rc8 16. Bxb6 Nxc3 17. bxc3 Bxc3 18. Ba4+ Kf8 19. Qh4 axb6 20. Rab1 h6 21. Kh1 Bd4 22. Rbd1 Bc5 23. c4 d4 24. Bb3 Kg8 25. Qf2 d3 26. Qd2 Kh7 27. Rde1 Rcd8 28. h3 h5 29. Bd1 Rd4 30. Re3 Rhd8 31. g4 Be4+ 32. Bf3 Bg6 33. f5 exf5 34. gxf5 Bxf5 35. Bxh5 g6 36. Bf3 Rxc4 37. Bg4 Rc2 38. Qe1 Bxg4 39. hxg4 Kg7 40. Qf2 Rh8+ 41. Kg1 Rxf2 42. Kxf2 Rh2+ 43. Kg3 Rd2 44. Ref3 Kh6 45. Rxf7 Kg5 46. R7f3 Bd4 47. e6 Be5+ 48. Kh3 Rh2# 0-1


[Site "https://www.chess.com"]

[Event "Titled Tuesday Blitz February 14 Early 2023"]
[White "Babikov, Ivan"]
[Black "Dong, Khanh Linh"]
[WhiteFideId "4161106"]
[BlackFideId "12403040"]
[WhiteElo "2239"]
[BlackElo "1900"]
[Result "1-0"]
[Round "10"]
[TimeControl "180+2"]
[Date "2023.02.14"]
[WhiteClock "0:01:40"]
[BlackClock "0:00:39"]

1. Nf3 d5 2. g3 Nf6 3. Bg2 g6 4. O-O Bg7 5. d4 O-O 6. c4 dxc4 7. Na3 c3 8. bxc3 c5 9. Nc2 Nc6 10. Bb2 Ne4 11. e3 Na5 12. Qe2 Rb8 13. Rfd1 c4 14. Ne5 Nd6 15. Nb4 Be6 16. f4 f5 17. d5 Bd7 18. Nc2 b5 19. Nd4 Qb6 20. Nxd7 1-0


[Site "https://www.chess.com"]

[Event "Titled Tuesday Blitz February 14 Early 2023"]
[White "Levitan, Caleb Levi"]
[Black "Mirzanurov, Bulat"]
[WhiteFideId "14332620"]
[BlackFideId "4184521"]
[WhiteElo "2129"]
[BlackElo "2232"]
[Result "0-1"]
[Round "10"]
[TimeControl "180+2"]
[Date "2023.02.14"]
[WhiteClock "0:00:03"]
[BlackClock "0:00:29"]

1. e4 c5 2. Nf3 d6 3. d4 cxd4 4. Nxd4 Nf6 5. Nc3 a6 6. Bc4 Nbd7 7. Bb3 Nc5 8. f3 Nxb3 9. axb3 e6 10. Be3 Be7 11. Qd2 O-O 12. g4 Qc7 13. O-O-O b5 14. h4 b4 15. Nce2 a5 16. g5 Nh5 17. Nb5 Qc6 18. Nxd6 a4 19. Nxc8 Rfxc8 20. Nd4 axb3 21. Nxb3 Qa4 22. Qd3 Rc7 23. Kd2 Rac8 24. Ra1 Rxc2+ 25. Qxc2 Rxc2+ 26. Kxc2 Qc6+ 27. Kd2 h6 28. Rhc1 Qd6+ 29. Ke2 Qh2+ 30. Bf2 Nf4+ 31. Ke3 Nh3 32. Rc2 Qf4+ 33. Ke2 hxg5 34. Be3 Qh2+ 35. Kd3 Qd6+ 36. Ke2 gxh4 37. Rh1 Nf4+ 38. Bxf4 Qxf4 39. Nd4 Qg3 40. Ke3 Bg5+ 41. Kd3 e5 42. Nf5 Qxf3+ 43. Kc4 Qxe4+ 44. Kb3 Qxf5 45. Rg2 Qf3+ 46. Kxb4 Qxg2 47. Rc1 Bxc1 0-1


[Site "https://www.chess.com"]

[Event "Titled Tuesday Blitz February 14 Early 2023"]
[White "Delorme, Axel"]
[Black "Fajdetic, Hrvoje"]
[WhiteFideId "632023"]
[BlackFideId "14501945"]
[WhiteElo "2483"]
[BlackElo "2151"]
[Result "0-1"]
[Round "10"]
[TimeControl "180+2"]
[Date "2023.02.14"]
[WhiteClock "0:00:19"]
[BlackClock "0:00:06"]

1. e4 c5 2. Nf3 a6 3. c3 d5 4. exd5 Qxd5 5. d4 Bg4 6. Be2 e6 7. O-O Nf6 8. Be3 Nbd7 9. c4 Qd6 10. Nc3 cxd4 11. Qxd4 Qxd4 12. Bxd4 Bc5 13. Rad1 Rd8 14. h3 Bh5 15. Rd2 Bxd4 16. Rxd4 Nc5 17. Rfd1 Rxd4 18. Nxd4 Bxe2 19. Ndxe2 Ke7 20. f3 Rd8 21. Rxd8 Kxd8 22. Kf2 Nd3+ 23. Ke3 Nxb2 24. Kd4 Kc7 25. g4 Kc6 26. h4 e5+ 27. Kxe5 Nxc4+ 28. Kd4 Nd6 29. h5 b5 30. Ng3 b4 31. Nd1 Kb5 32. g5 Nfe8 33. Nb2 a5 34. f4 a4 35. Ne2 f6 36. g6 hxg6 37. hxg6 Nf5+ 38. Kd5 Ne7+ 39. Ke6 Nxg6 40. Kf7 Nxf4 41. Nxf4 a3 42. Nd1 Nd6+ 43. Kxg7 Ne4 44. Nd5 Kc5 45. Nxf6 Nxf6 46. Kxf6 b3 47. Nc3 Kc4 48. Nb1 bxa2 49. Nxa3+ Kb3 50. Nc2 Kxc2 51. Ke6 a1=Q 52. Ke7 Qa6 53. Kf7 Kd3 54. Ke7 Ke4 55. Kd7 Kd5 56. Kc7 Qc6+ 57. Kd8 Qb7 0-1


[Site "https://www.chess.com"]

[Event "Titled Tuesday Blitz February 14 Early 2023"]
[White "Sovetbekova, Nurai"]
[Black "Shubenkova, Veronika"]
[WhiteFideId "13801910"]
[BlackFideId "44124040"]
[WhiteElo "1764"]
[BlackElo "1960"]
[Result "1-0"]
[Round "10"]
[TimeControl "180+2"]
[Date "2023.02.14"]
[WhiteClock "0:00:10"]
[BlackClock "0:00:25"]

1. d4 d5 2. c4 e6 3. Nc3 Nf6 4. cxd5 exd5 5. Bg5 c6 6. e3 Be7 7. Bd3 O-O 8. Qc2 h6 9. Bh4 Nbd7 10. Nge2 Re8 11. O-O Ne4 12. Bxe7 Qxe7 13. Bxe4 dxe4 14. Ng3 Nf6 15. Rab1 h5 16. h3 h4 17. Nge2 Bd7 18. b4 a6 19. a4 Nh5 20. Kh1 Qg5 21. b5 axb5 22. axb5 Re6 23. Nxe4 Qg6 24. f3 f5 25. Nc5 Rxe3 26. Rfe1 Rae8 27. Kg1 Nf4 28. Nxd7 Nxe2+ 29. Kh2 Qg3+ 30. Kh1 Nxd4 31. Qc4+ Kh8 32. Rxe3 Rxe3 33. Qxd4 Re2 34. Rg1 Rf2 35. Ne5 Re2 36. Nd3 Rd2 37. Qd8+ Kh7 38. Qd4 Kh8 39. Qd8+ Kh7 40. Qd7 cxb5 41. Qxf5+ Kh8 42. Ne5 Rf2 43. Qf8+ Kh7 44. Qf5+ Kh8 45. Qh5+ Kg8 46. Qg4 Qxe5 47. Qc8+ Kh7 48. Qxb7 Qg3 49. Qxb5 Rxf3 50. Qh5+ Kg8 51. Qxf3 Qg5 52. Rf1 Kh7 53. Qf5+ Qxf5 54. Rxf5 Kh6 55. Ra5 g5 56. Kg1 Kh5 57. Kf2 Kg6 58. Kf3 Kh5 59. Rb5 Kh6 60. Kg4 Kg6 61. Rxg5+ Kh6 62. Ra5 Kh7 63. Kxh4 Kh8 64. Kg5 Kh7 65. Ra7+ Kh8 66. Kg6 Kg8 67. Ra8# 1-0


[Site "https://www.chess.com"]

[Event "Titled Tuesday Blitz February 14 Early 2023"]
[White "Mesa Cruz, Juan Carlos"]
[Black "Rose, Felix"]
[WhiteFideId "6423400"]
[BlackFideId "5105722"]
[WhiteElo "2122"]
[BlackElo "2091"]
[Result "1-0"]
[Round "10"]
[TimeControl "180+2"]
[Date "2023.02.14"]
[WhiteClock "0:00:38"]
[BlackClock "0:00:11"]

1. e4 e5 2. Nf3 Nc6 3. Bb5 Nf6 4. O-O Be7 5. Re1 d6 6. c3 a6 7. Ba4 b5 8. Bc2 Bg4 9. h3 Bxf3 10. Qxf3 O-O 11. a4 b4 12. d3 h6 13. Nd2 d5 14. Nf1 bxc3 15. bxc3 d4 16. c4 Bb4 17. Re2 Qd6 18. Ng3 Ne7 19. a5 Rfb8 20. Nf1 Bc3 21. Ba3 c5 22. Ra2 Bxa5 23. g4 Ng6 24. Bc1 Bd8 25. Ng3 Nh4 26. Qh1 a5 27. Kh2 Qd7 28. Nf5 Nxf5 29. gxf5 Rb4 30. Ba3 Qb7 31. Bxb4 cxb4 32. Bb3 Qc6 33. Qa1 Bb6 34. f3 Nd7 35. Ba4 Qc7 36. Bxd7 Qxd7 37. Ra4 f6 38. Rxb4 axb4 39. Qxa8+ Kh7 40. Rg2 Bc5 41. Qd5 Qa7 42. Qe6 b3 43. Qe8 Qe7 44. Qxe7 Bxe7 45. Rb2 g5 46. Rxb3 Kg7 47. Rb7 Kf7 48. c5 Ke8 49. c6 Kd8 50. Rd7+ Ke8 51. h4 Bd8 52. Kh3 h5 53. hxg5 fxg5 54. Rxd8+ Kxd8 55. f6 Kc7 56. f7 Kxc6 57. f8=Q 1-0


[Site "https://www.chess.com"]

[Event "Titled Tuesday Blitz February 14 Early 2023"]
[White "Avazkhonov, Alikhon"]
[Black "Gedgafov, Chamal"]
[WhiteFideId "14208504"]
[BlackFideId "34130621"]
[WhiteElo "1538"]
[BlackElo "2118"]
[Result "1-0"]
[Round "10"]
[TimeControl "180+2"]
[Date "2023.02.14"]
[WhiteClock "0:00:23"]
[BlackClock "0:00:38"]

1. d4 Nf6 2. c4 e6 3. Nc3 Bb4 4. e3 c5 5. Bd3 d6 6. Nf3 Bxc3+ 7. bxc3 Nc6 8. O-O e5 9. e4 h6 10. h3 O-O 11. Re1 b6 12. d5 Na5 13. Nd2 Ba6 14. Qe2 Qd7 15. Nf1 Qa4 16. Ne3 g6 17. Qf3 Kg7 18. Nf5+ gxf5 19. Qxf5 Rh8 20. Re3 Ne8 21. Rf3 f6 22. Rg3+ Kf8 23. Qe6 Bc8 24. Bxh6+ Rxh6 25. Rg8# 1-0


[Site "https://www.chess.com"]

[Event "Titled Tuesday Blitz February 14 Early 2023"]
[White "lisjakzlatko1"]
[Black "Kostiukov, Alexandr"]
[BlackFideId "14108100"]
[WhiteElo "2220"]
[BlackElo "2271"]
[Result "0-1"]
[Round "10"]
[TimeControl "180+2"]
[Date "2023.02.14"]
[WhiteClock "0:00:02"]
[BlackClock "0:00:17"]

1. e4 c5 2. b4 cxb4 3. Bb2 Nc6 4. d4 d5 5. exd5 Qxd5 6. c4 bxc3 7. Nxc3 Qa5 8. d5 Ne5 9. Qd4 Nd7 10. Nf3 Ngf6 11. Bc4 g6 12. O-O Bg7 13. d6 e5 14. Qh4 O-O 15. Rfe1 h6 16. Rad1 g5 17. Nxg5 hxg5 18. Qxg5 Qb4 19. Bb3 Qg4 20. Qe3 Nh5 21. h3 Qg6 22. Nd5 Qh6 23. Qf3 Nf4 24. Ne7+ Kh8 25. Nf5 Qg5 26. Bc2 f6 27. Ne7 Nb6 0-1


[Site "https://www.chess.com"]

[Event "Titled Tuesday Blitz February 14 Early 2023"]
[White "Kielinkei"]
[Black "Clawitter, Craig"]
[BlackFideId "2023105"]
[WhiteElo "2360"]
[BlackElo "2050"]
[Result "1-0"]
[Round "10"]
[TimeControl "180+2"]
[Date "2023.02.14"]
[WhiteClock "0:00:29"]
[BlackClock "0:00:04"]

1. Nc3 d5 2. d4 e6 3. Bf4 c5 4. e3 Nf6 5. Nb5 Na6 6. c3 Be7 7. Nf3 O-O 8. h3 Bd7 9. a4 cxd4 10. exd4 Ne4 11. Bd3 Bxb5 12. axb5 Nc7 13. Qe2 Bd6 14. Bxe4 Bxf4 15. Bd3 Ne8 16. O-O Qb6 17. b3 Rc8 18. c4 Bb8 19. Ne5 Nf6 20. c5 Qd8 21. Rfc1 Nd7 22. Nf3 Qf6 23. c6 bxc6 24. bxc6 Nb6 25. Ne5 Qf4 26. Qe3 Qxe3 27. fxe3 Bxe5 28. dxe5 Rc7 29. b4 Rb8 30. b5 Nc8 31. Ra6 Rb6 32. Rca1 Rxa6 33. Rxa6 Kf8 34. h4 h6 35. Kf2 Ne7 36. Ke2 Nc8 37. Kd2 Ke7 38. Kc3 Nb6 39. Kb4 Kd8 40. Kc5 Ke7 41. Rxb6 axb6+ 42. Kxb6 Kd8 43. Kc5 Kc8 44. b6 Re7 45. Ba6+ Kb8 46. Kd6 1-0


[Site "https://www.chess.com"]

[Event "Titled Tuesday Blitz February 14 Early 2023"]
[White "Harriott, Tyrell"]
[Black "Kuchava, Ana"]
[WhiteFideId "2086484"]
[BlackFideId "13605348"]
[WhiteElo "1889"]
[BlackElo "2101"]
[Result "0-1"]
[Round "10"]
[TimeControl "180+2"]
[Date "2023.02.14"]
[WhiteClock "0:00:07"]
[BlackClock "0:00:07"]

1. d4 d5 2. e3 Bf5 3. c4 e6 4. Qb3 Nc6 5. Qxb7 Nb4 6. Na3 Nf6 7. cxd5 exd5 8. Bb5+ c6 9. Bxc6+ Nxc6 10. Qxc6+ Bd7 11. Qc2 Bxa3 12. bxa3 O-O 13. Nf3 Bb5 14. Ne5 Rc8 15. Qb3 Ba6 16. Nd3 Ne4 17. Bd2 Bc4 18. Qb1 Qf6 19. f3 Qh4+ 20. g3 Nxg3 21. Rf1 Nxf1+ 22. Kxf1 Qxh2 23. Be1 Rb8 24. Qd1 Qh1+ 25. Ke2 Qg2+ 26. Bf2 Rb2+ 27. Ke1 Bxd3 28. Qxd3 Qxf2+ 29. Kd1 Qg1+ 30. Qf1 Qxf1# 0-1


[Site "https://www.chess.com"]

[Event "Titled Tuesday Blitz February 14 Early 2023"]
[White "Kohler, Aran"]
[Black "Manon-og, Ramon Jr."]
[WhiteFideId "1002856"]
[BlackFideId "5200776"]
[WhiteElo "2010"]
[BlackElo "1999"]
[Result "0-1"]
[Round "10"]
[TimeControl "180+2"]
[Date "2023.02.14"]
[WhiteClock "0:00:41"]
[BlackClock "0:01:24"]

1. Nf3 Nf6 2. d4 g6 3. Bg5 d5 4. Nbd2 Bg7 5. e3 h6 6. Bf4 Nh5 7. Be5 f6 8. Bg3 O-O 9. Bd3 Nxg3 10. hxg3 f5 11. Ne5 Qd6 12. f4 c5 13. c3 cxd4 14. exd4 Nc6 15. g4 Nxe5 16. fxe5 Qb6 17. b4 fxg4 18. Bxg6 Qxg6 19. Qb3 Be6 20. O-O-O Rac8 21. Kb2 Rf2 22. g3 Qg5 23. Qc2 Bf5 24. Qc1 Qe3 25. Kb3 Bd3 26. Rh4 Be2 27. Re1 Qxg3 28. Rhh1 Bf3 29. Nxf3 Qxf3 30. Re3 Qf4 31. Rg1 h5 32. Qe1 Bh6 33. Rd3 Qh2 34. Qb1 Rcf8 35. Ka4 Rxa2+ 36. Kb5 Ra6 37. Kc5 e6 38. b5 Rc8+ 39. Kb4 Bf8+ 0-1


[Site "https://www.chess.com"]

[Event "Titled Tuesday Blitz February 14 Early 2023"]
[White "Gharamian, Tigran"]
[Black "Necula, Iulian"]
[WhiteFideId "13301527"]
[BlackFideId "1232380"]
[WhiteElo "2601"]
[BlackElo "1851"]
[Result "0-1"]
[Round "10"]
[TimeControl "180+2"]
[Date "2023.02.14"]
[WhiteClock "0:00:42"]
[BlackClock "0:00:48"]

1. d4 d6 2. Bg5 h6 3. Bh4 g5 4. Bg3 f5 5. e3 Nf6 6. Bd3 e6 7. c4 Qe7 8. Qc2 Nc6 9. d5 Ne5 10. Bxe5 dxe5 11. dxe6 Qxe6 12. c5 e4 13. Bc4 Qe5 14. c6 Bb4+ 15. Nc3 b5 16. Bb3 a5 17. a4 Bxc3+ 18. bxc3 b4 19. Ne2 Ba6 20. O-O Bd3 21. Qd2 Rd8 22. Nd4 Bxf1 23. Rxf1 Ng4 24. g3 h5 25. cxb4 h4 26. f4 exf3 27. Nxf3 Rxd2 28. Nxe5 Nxe5 29. Rxf5 Nxc6 30. b5 Nb4 0-1


[Site "https://www.chess.com"]